 Dungeon Crawl Stone Soup version 0.29-a0-219-g0a02b1cf4f (webtiles) character file.

Game seed: 6846639826917763198

156 spaghetti the Ruffian (level 5, -7/61 HPs)
             Began as a Demonspawn Berserker on Feb 25, 2022.
             Was a Believer of Trog.
             Mangled by Edmund
             ... wielding a +7 flail of holy wrath
              (16 damage)
             ... on level 4 of the Dungeon.
             The game lasted 00:04:39 (3554 turns).

spaghetti the Ruffian (Demonspawn Berserker)        Turns: 3554, Time: 00:04:39

Health: -7/61      AC:  2    Str: 19    XL:     5   Next: 15%
Magic:  5/5        EV: 12    Int:  8    God:    Trog [**....]
Gold:   318        SH:  0    Dex: 13    Spells: 4/4 levels left

rFire   . . .      SeeInvis .     - Unarmed
rCold   . . .      Faith    .   (no shield)
rNeg    . . .      Spirit   .   a - +0 animal skin
rPois   .          Reflect  .   (helmet restricted)
rElec   .          Harm     .   (no cloak)
rCorr   .          Rampage  .   (no gloves)
Will    .....                   (no boots)
Stlth   ..........              (no amulet)
HPRegen 0.20/turn               (no ring)
MPRegen 0.18/turn               (no ring)

@: berserking (expiring), very quick
A: horns 1, powered by pain 1, magic regeneration
a: Renounce Religion, Berserk, Trog's Hand


You were on level 4 of the Dungeon.
You worshipped Trog.
Trog was pleased with you.
You visited 1 branch of the dungeon, and saw 4 of its levels.

You collected 318 gold pieces.


Innate Abilities, Weirdness & Mutations

You have a pair of small horns on your head.
You sometimes gain a little power by taking damage.
You regenerate magic rapidly.


   Skills:
 - Level 3.0 Fighting
 - Level 1.7 Armour
 - Level 1.7 Dodging
 + Level 5.4 Unarmed Combat


You had 4 spell levels left.
You didn't know any spells.
Your spell library contained the following spells:

 Spells                   Type           Power      Damage    Failure   Level
 Corpse Rot               Necr/Air       0%         N/A       54%         2
 Poisonous Vapours        Pois/Air       0%         N/A       54%         2

Inventory:

Missiles
 b - 214 stones (quivered) {throwing}
 p - a throwing net {=f!fthrowing}
Armour
 a - a +0 animal skin (worn)
 q - a +0 helmet
   (You found it on level 2 of the Dungeon)
Jewellery
 d - a +4 ring of protection
   (You found it on level 1 of the Dungeon)
Wands
 i - a wand of paralysis (6)
   (You found it on level 2 of the Dungeon)
 o - a wand of acid (6)
   (You found it on level 2 of the Dungeon)
Scrolls
 c - a scroll of teleportation {@r4}
 h - a scroll of holy word {unknown}
 j - 3 scrolls of identify {unknown}
 l - 2 scrolls of vulnerability {unknown}
 n - a scroll of enchant weapon {unknown}
 r - 2 scrolls of immolation {unknown}
 t - 2 scrolls of noise {unknown}
Potions
 e - a potion of attraction {unknown}
 f - a potion of cancellation {unknown}
 g - a potion of heal wounds {unknown}
 k - a potion of flight {unknown}
 m - 2 potions of haste {unknown}
 s - a potion of ambrosia {unknown}
 u - 2 potions of curing {unknown}

Dungeon Overview and Level Annotations

Branches:
Dungeon (4/15)             Temple (0/1) D:4

Altars:
Ashenzari
Nemelex Xobeh
Sif Muna
The Shining One

Shops:
D:3 (   D:4 *

Annotations:
D:4 Edmund

#..... ...#### #....
..).... ##...#
.#.#...##....##
#.#.#..#......##
.#.#.#.........#
#.>.#..........###
.#.#.#........†..####
#.#.#..@@....###..).###
.#.#........## ####...#
...........## ##..#
#########...# #..# #.#
##..# ##.## #.# ##.##
##.## ##.# #..# ##.##
#..# ##.####.## #..#
#...#..##


You could see Edmund.


Message History

You take 1 damage, and now have 40/41 hp.
You barely miss the kobold. You headbutt the kobold. The kobold misses you.
You hit the kobold but do no damage. You headbutt the kobold.
The kobold closely misses you.
You barely miss the kobold. Your headbutt misses the kobold.
You punch the kobold.
You kill the kobold!
Trog accepts your kill. 😎 HP[+1]
Your hp is fully restored (41).
No target in view!
No target in view!
No target in view!
No target in view!
No target in view!
No target in view!
No target in view!
A hobgoblin comes into view.
The hobgoblin shouts!
Things that are here:
a +0 whip {mace}; 5 stones {throwing} A hobgoblin is nearby!
Found a stone staircase leading down.
The hobgoblin closely misses you.
You hit the hobgoblin.
You kill the hobgoblin!
Trog accepts your kill.
No target in view!
No target in view!
No target in view!
No target in view!
No target in view!
No target in view!
No target in view!
No target in view!
No target in view!
No target in view!
No target in view!
b - 214 stones {throwing} (gained 5)
You see here a +0 whip {mace}.
You see here a hobgoblin corpse.
A goblin comes into view. It is wielding a +0 war axe.
A goblin is nearby!
The goblin shouts!
Found a club.
Found a staircase to the Ecumenical Temple.
Edmund the Younger comes into view.
He is wielding a +7 flail of holy wrath.
Edmund shouts!
The goblin hits you with a +0 war axe!
Edmund mutters, "Who needs spells, anyway?"
There is a stone staircase leading down, spattered with blood here. 😕 HP[-7]
You take 7 damage, and now have 34/41 hp.
You barely miss the goblin. You headbutt the goblin.
You kill the goblin!
Trog accepts your kill. 😕 HP[+1]
Things that are here:
a +0 war axe {axe}; a scroll labelled SIKYLES DUMIEB; a goblin corpse A red film seems to cover your vision as you go berserk!
You feel yourself moving faster!
You feel mighty! 😕 HP[+17]
You now have 61 max hp (+20).
You regained 17 hp, and now have 52/61 hp.
You punch Edmund! x2
Edmund hits you with a +7 flail of holy wrath!
You convulse. 😮 HP[-14]
You take 14 damage, and now have 38/61 hp.
MASSIVE DAMAGE!! (PAUSE) Unknown command.
Unknown command.
You closely miss Edmund. Your headbutt misses Edmund. You barely miss Edmund.
Your headbutt misses Edmund.
Edmund grinds his teeth, and then sighs.
Edmund barely misses you.
You barely miss Edmund. 😮 HP[+1]
You closely miss Edmund.
Edmund hits you with a +7 flail of holy wrath!
* * * LOW HITPOINT WARNING * * *
You convulse!
* * * LOW HITPOINT WARNING * * *
😱 HP[-30]
You take 30 damage, and now have 9/61 hp.
MASSIVE DAMAGE!! (PAUSE) Unknown command.
Press: ? - help, v - describe, . - travel
Here: Edmund, wielding a +7 flail of holy wrath and wearing a +3 leather armour (moderately wounded)
The floor.
There is a stone staircase leading down, spattered with blood here.
You are too berserk!
You are too berserk!
Unknown command.
You are too berserk!
You barely miss Edmund. Your headbutt misses Edmund. You closely miss Edmund.
Edmund closely misses you.
You punch Edmund! Your headbutt misses Edmund. You hit Edmund but do no damage.
Edmund hits you with a +7 flail of holy wrath!
You die...

Skill      XL: |  1  2  3  4 |
---------------+-------------+-----
Unarmed Combat | 3 4 5 |  5.4
Fighting       | |  3.0
Armour         | |  1.7
Dodging        | |  1.7

Action                   |  1- 3 |  4- 6 || total
-------------------------+-------+-------++-------
Melee: Unarmed           |    97 |    92 ||   189
       Headbutt          |    14 |    12 ||    26
       Punch             |     2 |     4 ||     6
Throw: Stone             |    19 |       ||    19
Invok: Berserk           |     4 |     2 ||     6
  Use: Potion            |     1 |       ||     1
       Scroll            |     1 |       ||     1
Armor: Animal skin       |    26 |     8 ||    34
Dodge: Dodged            |    76 |    49 ||   125

Levels and vault maps discovered:
D:1:      evilmike_arrival_rings, layout_rooms, serial_forest,
          infiniplex_forest_straight_2, infiniplex_forest_diagonal,
          infiniplex_forest_lined_2, infiniplex_forest_end_1,
          infiniplex_forest_clump_C, infiniplex_forest_clump_cross,
          infiniplex_forest_end_3, infiniplex_forest_side_room,
          infiniplex_forest_clump_long, shapermc_ecumenical_altar_petra,
          minmay_pentomino_w4
D:2:      layout_basic, basic_altar
D:3:      layout_basic, amcnicky_altar_gilded,
          mainiacjoe_overflow_small_starburst, mainiacjoe_overflow_paths,
          nemelex_diamond_rough_becter, serial_shops, shop
D:4:      layout_layer_cave, minmay_temple_entry_grid, serial_shops,
          nicolae_shop_statue_plus, nicolae_concentric_dashed_squares_mild,
          uniq_edmund

Notes
Turn   | Place    | Note
-------+----------+-------------------------------------------
     0 | D:1      | spaghetti the Demonspawn Berserker began the quest for the
                  | Orb.
     0 | D:1      | Reached XP level 1. HP: 18/18 MP: 1/1
     0 | D:1      | magus.rc [v1.9.6]
    67 | D:1      | Reached skill level 3 in Unarmed Combat
   271 | D:1      | Gained mutation: You have a pair of small horns on your
                  | head. [demonic ancestry]
   271 | D:1      | Reached XP level 2. HP: 23/24 MP: 2/2
   299 | D:1      | HP: 6/24 [bat (1)]
   635 | D:1      | Gained mutation: You regenerate magic rapidly. [demonic
                  | ancestry]
   635 | D:1      | Reached XP level 3. HP: 29/29 MP: 3/3
   641 | D:1      | Reached skill level 4 in Unarmed Combat
   660 | D:1      | HP: 3/29 [kobold/+0 whip (5)]
  1123 | D:1      | Reached ** piety under Trog
  1551 | D:2      | Found a sparkling altar of Nemelex Xobeh.
  1878 | D:2      | Gained mutation: You sometimes gain a little power by
                  | taking damage. [demonic ancestry]
  1878 | D:2      | Reached XP level 4. HP: 35/35 MP: 4/4
  2287 | D:2      | Reached skill level 5 in Unarmed Combat
  2573 | D:3      | Found a shimmering blue altar of Sif Muna.
  2762 | D:3      | Found a sparkling altar of Nemelex Xobeh.
  3059 | D:3      | Found a broken altar of Ashenzari.
  3062 | D:3      | Reached XP level 5. HP: 40/41 MP: 5/5
  3076 | D:3      | You pick up a book of Vapours {forbidden} and begin
                  | reading...
  3076 | D:3      | You add the spells Poisonous Vapours and Corpse Rot to your
                  | library.
  3158 | D:3      | Found Hicul's Weapon Emporium.
  3465 | D:4      | Found Fix Nei's Assorted Antiques.
  3540 | D:4      | Found a staircase to the Ecumenical Temple.
  3540 | D:4      | Noticed Edmund
  3549 | D:4      | HP: 9/61 [Edmund/+7 flail of holy wrath (15)]
  3554 | D:4      | Mangled by Edmund

Vanquished Creatures
  3 gnolls (D:2)
  3 adders
  A worm (D:2)
  A dart slug (D:1)
  6 orcs
  6 bats
  10 endoplasms
  A giant cockroach (D:1)
  5 goblins
  6 hobgoblins
  9 jackals (D:1)
  7 kobolds
  3 quokkas
  8 ball pythons
  8 frilled lizards
  5 rats
82 creatures vanquished.

Vanquished Creatures (others)
  13 plants (D:1)
13 creatures vanquished.

Grand Total: 95 creatures vanquished

Table legend:
 A = Non-vault XP
 B = Vault XP
 C = Vault XP percentage of total XP
 D = Non-vault monster count
 E = Vault monster count
 F = Vault count percentage of total count
                 A         B        C        D         E       F
            +---------+---------+-------+---------+---------+-------
      Total |     212 |      12 |   5.4 |      75 |       7 |   8.5
            +---------+---------+-------+---------+---------+-------
        D:1 |      60 |      12 |  16.7 |      33 |       7 |  17.5
        D:2 |      99 |       0 |   0.0 |      21 |       0 |   0.0
        D:3 |      32 |       0 |   0.0 |      12 |       0 |   0.0
        D:4 |      21 |       0 |   0.0 |       9 |       0 |   0.0
            +---------+---------+-------+---------+---------+-------

Illustrated notes

Table legend:
 A = Kills in this place as a percentage of kills in entire the game.
 B = Kills by you in this place as a percentage of kills by you in the entire game.
 C = Kills by friends in this place as a percentage of kills by friends in the entire game.
 D = Other kills in this place as a percentage of other kills in the entire game.
 E = Experience gained in this place as a percentage of experience gained in the entire game.
 F = Experience gained in this place divided by the number of levels of this place that you have seen.
                   A       B       C       D       E      F
               +-------+-------+-------+-------+-------+----------------------
         Total | 100.0 | 100.0 |   N/A |   N/A | 100.0 |  56.0
       Dungeon | 100.0 | 100.0 |   N/A |   N/A | 100.0 |  56.0
               +-------+-------+-------+-------+-------+----------------------

Table legend: (Time is in decaauts)
 A = Elapsed time spent in this place.
 B = Non-inter-level travel time spent in this place.
 C = Inter-level travel time spent in this place.
 D = Time resting spent in this place.
 E = Time spent auto-exploring this place.
 F = Levels seen in this place.
 G = Mean time per level.
                   A        B        C        D        E       F      G
               +--------+--------+--------+--------+--------+-----+--------+
         Total |   3582 |   3503 |     79 |    858 |   2157 |   4 |  895.5 |
       Dungeon |   3582 |   3503 |     79 |    858 |   2157 |   4 |  895.5 |
               +--------+--------+--------+--------+--------+-----+--------+

Top non-repeatable levels by time:
     D:1: 1574 daAuts
     D:2: 996 daAuts
     D:3: 831 daAuts
     D:4: 179 daAuts
